 Dungeon Sprint DCSS version 0.17-a0-1210-g1e4f09d (webtiles) character file.

11627 Kidiri the Tortoise (level 11, -23/76 HPs)
             Began as a Gargoyle Fighter on June 4, 2015.
             Was a High Priest of Okawaru.
             Annihilated by a stone giant (30 damage)
             ... in the Dungeon (Sprint IX: "|||||||||||||||||||||||||||||").
             The game lasted 00:12:30 (2297 turns).

Kidiri the Tortoise (Gargoyle Fighter)              Turns: 2297, Time: 00:12:30

Health: -23/76     AC: 25    Str: 25    XL:     11   Next: 80%
Magic:  19/19      EV:  8    Int: 12    God:    Okawaru [*****.]
Gold:   1250       SH: 17    Dex: 14    Spells: 0 memorised, 10 levels left

rFire  . . .     SeeInvis .     p - +4 morningstar (crush)
rCold  . . .     Clarity  .     r - +0 plate armour
rNeg   + . .     SustAt   .     c - +2 shield
rPois  ∞         Gourm    .     C - +0 helmet
rElec  +         Spirit   .     a - +0 cloak
rCorr  .         Warding  .     (no gloves)
rMut   .         NoTele   +     q - +0 pair of boots
MR     .....                    (no amulet)
Stlth  ..........               s - +3 ring of dexterity
                                b - +3 ring of intelligence

@: not resistant to hostile enchantments, extremely unstealthy
A: agile 1, deformed body, negative energy resistance 1, electricity resistance,
strong 1, unbreathing, petrification resistance, no device heal 2, rot immunity,
AC +7
a: Heroism, Finesse, Renounce Religion


You were in the Dungeon.
You worshipped Okawaru.
Okawaru was extremely pleased with you.
You were not hungry.

You visited 1 branch You collected 1250 gold pieces.

Inventory:

Hand weapons
 p - a +4 morningstar of crushing (weapon)
Missiles
 x - a throwing net (quivered)
Armour
 a - a +0 cloak (worn)
 c - a +2 shield (worn)
 q - a +0 pair of boots (worn)
 r - a +0 plate armour (worn)
 u - the +6 scale mail of Ceuhoida {*Contam +Inv Regen+}
   (Okawaru gifted it to you in the Dungeon)

   It lets you turn invisible.
   It causes magical contamination when unequipped.
   It increases your rate of regeneration.
 C - a +0 helmet (worn)
Jewellery
 b - a +3 ring of intelligence (left hand)
 s - a +3 ring of dexterity (right hand)
Magical devices
 o - a wand of cold (6)
 y - a wand of slowing (25)
Scrolls
 k - 2 scrolls of blinking
 m - 4 scrolls of remove curse
 n - 2 scrolls of amnesia
 v - a scroll of fear
 w - 2 scrolls of recharging
Potions
 d - a potion of might
 e - 2 potions of cure mutation
 f - 5 potions of curing
 g - a potion of invisibility
 h - a potion of haste
 i - 4 potions of magic
 j - a potion of agility
 l - 2 potions of heal wounds
 t - a potion of resistance
Comestibles
 z - 40 fruits
 A - 12 bread rations
 B - 12 meat rations


   Skills:
 + Level 12.5 Fighting
 + Level 11.3 Maces & Flails
 * Level 16.6 Armour
 * Level 16.5 Shields
 + Level 11.4 Invocations


You had 10 spell levels left.
You didn't know any spells.

Dungeon Overview and Level Annotations

Branches:
Dungeon (1/1)

Altars:
Cheibriados
Dithmenos
Elyvilon
Fedhas
Gozag
Kikubaaqudgha
Makhleb
Nemelex Xobeh
Okawaru
Qazlal
Ru
Sif Muna
Trog
Vehumet
Xom
Yredelemnul
Zin
The Shining One
Beogh
Jiyva
Lugonu

Shops:
D [


Innate Abilities, Weirdness & Mutations

You are resistant to torment.
Your stone body is resilient (AC +7).
You are immune to poison.
You resist negative energy.
You are resistant to electric shocks.
You can survive without breathing.
You are immune to petrification.
You are immune to rotting.
You are agile. (Dex +2)
Armour fits poorly on your strangely shaped body.
Your muscles are strong. (Str +2)
Potions and wands are poor at restoring your health.


Message History

You sock the stone giant!
The stone giant is almost dead.
The stone giant barely misses you.
Evoke which item? (* to show all) (? for menu, Esc to quit)
Zapping:
o - a wand of cold (7)
Press: ? - help, Shift-Dir - straight line, f - stone giant
Aim: a stone giant (almost dead)
The bolt of cold hits the stone giant.
The stone giant is almost dead.
The bolt of cold hits the deep troll.
The deep troll is severely wounded.
The bolt of cold hits the hill giant.
The hill giant is lightly wounded.
The bolt of cold hits the troll.
The troll is heavily wounded.
This wand has 6 charges left.
The stone giant barely misses you.
You hit the stone giant.
The stone giant is almost dead.
The stone giant hits you!!
You die...

▓▓▓▓▓▓▓▓▓▓▓▓▓▓▓▓▓▓▓▓▓▓▓▓
....))))........@CTCTCC∩
▓▓▓▓▓▓▓▓▓▓▓▓▓▓▓▓▓▓▓▓▓▓▓▓▓▓▓▓▓▓▓▓▓
.................................
▓▓▓▓▓▓▓▓▓▓▓▓▓▓▓▓▓▓▓▓▓▓▓▓▓▓▓▓▓▓▓▓▓
†.......'†.†÷.....†..........).'.
▓▓▓▓▓▓▓▓▓▓▓▓▓▓▓▓▓▓▓▓▓▓▓▓▓▓▓▓▓▓▓▓▓
.................................
▓▓▓▓▓▓▓▓▓▓▓▓▓▓▓▓▓▓▓▓▓▓▓▓▓▓▓▓▓▓▓▓▓
________________'..|)..[..)))....


You could see a stone giant, 3 hill giants, a deep troll and a troll.

Vanquished Creatures
  Erolcha (D)
  A catoblepas (D)
  2 hydras (D)
  A centaur warrior (D)
  4 death yaks (D)
  An orc high priest (D)
  3 orc knights (D)
  A spiny frog (D)
  A gargoyle (D)
  A red devil (D)
  A two-headed ogre (D)
  3 hippogriffs (D)
  A neqoxec (D)
  A basilisk (D)
  6 yaks (D)
  A porcupine (D)
  7 orc warriors (D)
  A necrophage (D)
  An eye of draining (D)
  5 crocodiles (D)
  2 giant frogs (D)
  A crimson imp (D)
  5 orc priests (D)
  3 orc wizards (D)
  An iguana (D)
  A worker ant (D)
  2 adder zombies (D)
  10 orcs (D)
  2 bats (D)
  A giant cockroach (D)
  5 hobgoblins (D)
76 creatures vanquished.

Notes
Turn   | Place    | Note
--------------------------------------------------------------
     0 | D        | Kidiri the Gargoyle Fighter began the quest for the Orb.
     0 | D        | Reached XP level 1. HP: 14/14 MP: 1/1
    34 | D        | Reached skill level 4 in Shields
    42 | D        | Reached XP level 2. HP: 12/19 MP: 2/2
   158 | D        | Noticed a worker ant
   158 | D        | Noticed a necrophage
   178 | D        | Killed a worker ant
   178 | D        | Reached skill level 5 in Armour
   178 | D        | Reached skill level 5 in Shields
   178 | D        | Reached XP level 3. HP: 22/24 MP: 3/3
   186 | D        | Killed a necrophage
   186 | D        | Reached skill level 5 in Fighting
   186 | D        | Reached skill level 6 in Armour
   186 | D        | Reached XP level 4. HP: 23/31 MP: 4/4
   186 | D        | Reached XP level 5. HP: 25/35 MP: 5/5
   194 | D        | Reached skill level 7 in Shields
   271 | D        | Found a glowing silver altar of Zin.
   271 | D        | Found a glowing golden altar of the Shining One.
   271 | D        | Found an ancient bone altar of Kikubaaqudgha.
   271 | D        | Found a basalt altar of Yredelemnul.
   271 | D        | Found a shimmering altar of Xom.
   271 | D        | Found a radiant altar of Vehumet.
   272 | D        | Found an iron altar of Okawaru.
   273 | D        | Found a burning altar of Makhleb.
   274 | D        | Found a deep blue altar of Sif Muna.
   275 | D        | Found a bloodstained altar of Trog.
   276 | D        | Found a sparkling altar of Nemelex Xobeh.
   277 | D        | Found a white marble altar of Elyvilon.
   278 | D        | Found a roughly hewn altar of Beogh.
   279 | D        | Found a viscous altar of Jiyva.
   280 | D        | Became a worshipper of Warmaster Okawaru
   281 | D        | Found a corrupted altar of Lugonu.
   282 | D        | Found a blossoming altar of Fedhas.
   283 | D        | Found a snail-covered altar of Cheibriados.
   284 | D        | Found a shadowy altar of Dithmenos.
   285 | D        | Found a stormy altar of Qazlal.
   286 | D        | Found an opulent altar of Gozag.
   287 | D        | Found a sacrificial altar of Ru.
   340 | D        | Noticed an orc wizard
   340 | D        | Noticed a two-headed ogre
   340 | D        | Noticed a gargoyle
   340 | D        | Noticed a crimson imp
   350 | D        | Killed an orc wizard
   350 | D        | Reached skill level 1 in Invocations
   356 | D        | Killed a two-headed ogre
   356 | D        | Reached skill level 5 in Maces & Flails
   356 | D        | Reached skill level 8 in Armour
   356 | D        | Reached XP level 6. HP: 38/42 MP: 5/8
   367 | D        | Killed a gargoyle
   367 | D        | Reached skill level 10 in Armour
   367 | D        | Reached skill level 10 in Shields
   367 | D        | Reached XP level 7. HP: 33/48 MP: 6/10
   373 | D        | Killed a crimson imp
   373 | D        | Reached skill level 5 in Invocations
   522 | D        | Noticed an orc wizard
   522 | D        | Noticed an eye of draining
   522 | D        | Noticed a centaur warrior
   522 | D        | Noticed a basilisk
   530 | D        | Killed an orc wizard
   545 | D        | Killed an eye of draining
   545 | D        | Acquired Okawaru's first power
   554 | D        | Killed a centaur warrior
   554 | D        | Reached skill level 11 in Armour
   554 | D        | Reached XP level 8. HP: 31/55 MP: 2/12
   560 | D        | Killed a basilisk
   757 | D        | Noticed Erolcha
   767 | D        | Killed Erolcha
   767 | D        | Reached skill level 12 in Armour
   767 | D        | Reached XP level 9. HP: 55/61 MP: 14/14
   978 | D        | Gained mutation: Your muscles are strong. (Str +2) [potion of mutation]
   978 | D        | Gained mutation: You are agile. (Dex +2) [potion of mutation]
   978 | D        | Gained mutation: Potions and wands are less effective at restoring your health. [potion of mutation]
   995 | D        | Noticed a hippogriff
   995 | D        | Noticed an iguana
   995 | D        | Noticed a hippogriff
   995 | D        | Noticed a crocodile
   995 | D        | Noticed a yak
   995 | D        | Noticed a yak
   997 | D        | Noticed a death yak
  1002 | D        | Killed a hippogriff
  1003 | D        | Killed an iguana
  1004 | D        | Noticed a giant frog
  1007 | D        | Noticed a crocodile
  1015 | D        | Killed a death yak
  1015 | D        | Reached skill level 13 in Armour
  1021 | D        | Killed a hippogriff
  1021 | D        | Reached skill level 10 in Fighting
  1027 | D        | Killed a crocodile
  1035 | D        | Killed a yak
  1035 | D        | Acquired Okawaru's second power
  1035 | D        | Reached XP level 10. HP: 34/68 MP: 16/16
  1040 | D        | Killed a yak
  1041 | D        | Killed a giant frog
  1046 | D        | Killed a crocodile
  1208 | D        | Noticed a hippogriff
  1208 | D        | Noticed a six-headed hydra
  1208 | D        | Noticed a giant frog
  1208 | D        | Noticed a porcupine
  1208 | D        | Noticed a spiny frog
  1208 | D        | Noticed a crocodile
  1211 | D        | Noticed a crocodile
  1219 | D        | Killed a six-headed hydra
  1219 | D        | Reached skill level 14 in Armour
  1221 | D        | Noticed a crocodile
  1224 | D        | Killed a hippogriff
  1226 | D        | Noticed a six-headed hydra
  1227 | D        | Killed a giant frog
  1228 | D        | Killed a porcupine
  1232 | D        | Killed a spiny frog
  1240 | D        | Killed a crocodile
  1245 | D        | Killed a six-headed hydra
  1245 | D        | Reached skill level 10 in Maces & Flails
  1246 | D        | Killed a crocodile
  1249 | D        | Killed a crocodile
  1357 | D        | Noticed a yak
  1357 | D        | Noticed a yak
  1357 | D        | Noticed a death yak
  1357 | D        | Noticed a death yak
  1357 | D        | Noticed a yak
  1357 | D        | Noticed a catoblepas
  1360 | D        | Noticed a death yak
  1367 | D        | Killed a death yak
  1367 | D        | Received a gift from Okawaru
  1367 | D        | Reached skill level 15 in Armour
  1367 | D        | Reached skill level 15 in Shields
  1367 | D        | Reached skill level 10 in Invocations
  1368 | D        | Got an encrusted scale mail {god gift}
  1370 | D        | Killed a yak
  1370 | D        | Reached XP level 11. HP: 65/74 MP: 18/18
  1371 | D        | Noticed a yak
  1378 | D        | Killed a death yak
  1387 | D        | Killed a catoblepas
  1398 | D        | Killed a death yak
  1402 | D        | Killed a yak
  1408 | D        | Killed a yak
  1412 | D        | Killed a yak
  1424 | D        | Identified the +6 scale mail of Ceuhoida {*Contam +Inv Regen+} (Okawaru gifted it to you in the Dungeon)
  1438 | D        | Gained mutation: Potions and wands are poor at restoring your health. [mutagenic glow]
  1661 | D        | Noticed an orc priest
  1661 | D        | Noticed an orc priest
  1663 | D        | Noticed an orc wizard
  1670 | D        | Killed an orc priest
  1673 | D        | Noticed an orc priest
  1676 | D        | Killed an orc priest
  1678 | D        | Killed an orc wizard
  1680 | D        | Noticed an orc priest
  1686 | D        | Killed an orc priest
  1687 | D        | Noticed an orc priest
  1688 | D        | Killed an orc priest
  1694 | D        | Killed an orc priest
  1920 | D        | Noticed an orc knight
  1920 | D        | Noticed an orc warrior
  1920 | D        | Noticed an orc warrior
  1920 | D        | Noticed an orc knight
  1920 | D        | Noticed an orc high priest
  1924 | D        | Killed an orc knight
  1924 | D        | Reached skill level 16 in Armour
  1932 | D        | Killed an orc warrior
  1941 | D        | Killed an orc knight
  1943 | D        | Killed an orc warrior
  1945 | D        | Gained mutation: Armour fits poorly on your strangely shaped body. [a neqoxec]
  1950 | D        | Noticed an orc warrior
  1952 | D        | Noticed an orc warrior
  1956 | D        | Noticed an orc warrior
  1958 | D        | Killed an orc high priest
  1961 | D        | Killed an orc warrior
  1964 | D        | Noticed an orc warrior
  1969 | D        | Noticed an orc knight
  1969 | D        | Killed an orc warrior
  1976 | D        | Noticed an orc warrior
  1988 | D        | Killed an orc knight
  1992 | D        | Killed an orc warrior
  1995 | D        | Killed an orc warrior
  2000 | D        | Killed an orc warrior
  2272 | D        | Found Liciaheq's Armour Emporium.
  2272 | D        | Noticed a deep troll
  2272 | D        | Noticed a hill giant
  2272 | D        | Noticed a troll
  2272 | D        | Noticed a hill giant
  2272 | D        | Noticed an ogre mage
  2273 | D        | Noticed a stone giant
  2275 | D        | Noticed a hill giant
  2297 | D        | Annihilated by a stone giant

Vault maps used:
D:        linesprint

Action                   |  1- 3 |  4- 6 |  7- 9 | 10-12 || total
-------------------------+-------+-------+-------+-------++-------
Melee: Flail             |    65 |     8 |       |       ||    73
       Morningstar       |       |    24 |    87 |   226 ||   337
Invok: Heroism           |       |       |       |     1 ||     1
       Finesse           |       |       |       |     1 ||     1
Evoke: Wand              |       |       |       |     1 ||     1
  Use: Potion            |     1 |     1 |     1 |     2 ||     5
       Scroll            |       |       |     4 |       ||     4
 Stab: Petrifying        |       |       |       |     1 ||     1
  Eat: Bread ration      |       |       |     1 |       ||     1
       Chunk             |       |       |       |     2 ||     2
